AoeStats
← Sparten gio

MegaRandom

503589772Analyzed
1v1 RM · 1mo ago on Sep 1, 2026· 37m 58s· 2 players
Game mode
Random Map
Map size
Tiny (2 player)
Population
200
Speed
Normal
Resources
Standard
Victory
Conquest
Starting age
Dark Age
Ending age
Imperial Age
RankedLock teamsTeams togetherTeam positionsShared explorationLock speedFull tech treeHidden civsTurbo modeCheats
Victory
Defeat
🇪🇸 Magyars · Spain
961
+15
🇺🇸 Lithuanians · United States
949
-20
Sparten gio
8:37 Feudal Age
9:42 Double-Bit Axe
10:40 Horse Collar
16:36 Loom
22:42 Castle Age
21:33 Forging
27:35 Scale Mail Armor
33:25 Imperial Age
36:52 Fletching
[KBRA] sir_teleco
3:22 Loom
10:34 Feudal Age
10:59 Double-Bit Axe
11:30 Town Watch
15:18 Wheelbarrow
21:58 Castle Age
21:16 Bloodlines
22:50 Husbandry
23:33 Scale Barding Armor
27:07 Hand Cart
28:07 Chain Barding Armor
27:39 Fletching
31:53 Corvinian Army
32:39 Ballistics
32:00 Treadmill Crane
32:16 Murder Holes
37:12 Imperial Age
35:56 Bodkin Arrow
37:24 Cavalier
Connection lost

Rejoining the realm…

Still unreachable

The connection could not be restored.

Session expired

The server has moved on; the page needs a fresh start.